Unix NetHack Version 5.0.0-0 post-release - last build May 23 2026 06:08:33 (1c0ff79ee797540d5714e4e18072db0edd9e58ae,branch:main).

Game began 2026-05-23 11:55:26, ended 2026-05-23 12:16:21.

ArrBianca, chaotic female human Ranger

                                                                   -------
     -----------        ---------                                  |S@S..+
     |.........|        |...^...|                               ###.SSd..S
     |..........########.........#                  ----------  # #|..S..|
     |.........|        --.------#                 #.........|  #  -------
     |.........|          #      #                 #|.........###
     -----|-|---          #      #                ##|........|
          ####            #      #                # |........|
           # #          ###    ###               ## ----.-----
         ### #          #      #-------------- ###      ####
         #   ###        #      #|............| #           #
         #   --|--------|--    #|............|##           #
        ##   |...>...)....|    #..............#            #
      ###    |............|     |............|#            ##
  ----|-     |............|     |......`.....|###############
  |....|     |?.%...._....|     --------------             --.--|-
  |....-#####|............|                           #####-......
  |....|    #--------------                    ########    |.<...|
  ------    0##(################################           -------

ArrBianca the Lookout        St:16 Dx:12 Co:15 In:13 Wi:13 Ch:7  Chaotic
Dlvl:4  $:2815 HP:0(31) Pw:8(8) AC:5  Xp:4 T:2098 

Latest messages:
 The water moccasin bites!
 Franklin misses the water moccasin.
 What do you want to wear? [*] ?
 What do you want to wear? [*] <space>
 Never mind.
 What do you want to wield? [- a-dxH or ?*] ?
 b - a +1 bow (weapon in right hand).
 The water moccasin bites!
 The water moccasin bites!
 The water moccasin bites!
 Franklin bites the water moccasin.
 The water moccasin misses Franklin.
 The water moccasin bites!
 Drink from the fountain? [yn] (n) n
 What do you want to drink? [hk-mrt or ?*] ?
 You feel better.
 The water moccasin bites!
 The water moccasin bites!
 The water moccasin bites!
 The water moccasin bites!
 Franklin misses the water moccasin.
 In what direction? h
 You shoot 2 arrows.
 The 1st arrow hits the water moccasin!
 The 2nd arrow misses the water moccasin.
 The water moccasin bites!
 The water moccasin bites!
 The water moccasin bites!
 The water moccasin bites!
 Franklin misses the water moccasin.
 What do you want to ready? [- $acdxH or ?*] <space>
 Never mind.
 Drink from the fountain? [yn] (n) n
 What do you want to drink? [hk-mrt or ?*] ?
 You feel better.
 The water moccasin bites!
 The water moccasin bites!
 The water moccasin bites!
 The water moccasin bites!
 Franklin misses the water moccasin.
 The water moccasin bites!
 In what direction? j
 The arrow hits the water moccasin!
 The water moccasin bites!
 The water moccasin bites!
 The water moccasin's bite was poisoned!
 The water moccasin bites!
 You die...
 Do you want your possessions identified? [ynq] (y) n
 Do you want to see your attributes? [ynq] (y) q

Inventory:
 Coins    ('$')
  $ - 2815 gold pieces
 Amulets  ('"')
  g - a cursed amulet of change
 Weapons  (')')
  c - 53 +2 arrows (in quiver)
  d - 20 +0 arrows
  x - a corroded +0 arrow
  b - a +1 bow (weapon in right hand)
  a - a +1 dagger (alternate weapon; not wielded)
  H - a +2 bullwhip
 Armor    ('[')
  J - an uncursed +0 pair of leather gloves (being worn)
  F - an uncursed +0 pair of jumping boots (being worn)
  e - an uncursed +2 cloak of displacement (being worn)
 Comestibles  ('%')
  f - 4 uncursed cram rations
  u - 8 uncursed food rations
  s - 2 uncursed lichen corpses
 Scrolls  ('?')
  w - an uncursed scroll of confuse monster
  i - an uncursed scroll of taming
  B - an uncursed scroll of teleportation
 Potions  ('!')
  h - an uncursed potion of booze
  r - an uncursed potion of extra healing
  k - an uncursed potion of healing
  m - a cursed diluted potion of healing
  t - 2 uncursed potions of water
 Rings    ('=')
  o - an uncursed ring of searching
 Wands    ('/')
  v - a wand of cold (0:7)
 Tools    ('(')
  C - an empty cursed sack
  O - an expensive camera (0:57)
  D - a cursed tinning kit (0:86)
 Gems/Stones  ('*')
  E - a cursed touchstone

ArrBianca the Ranger's attributes:

Background:
 You were a Lookout, a level 4 female human Ranger.
 You were chaotic, on a mission for Mars
 who was opposed by Mercury (lawful) and Venus (neutral).
 You were right-handed.
 You were in the Dungeons of Doom, on level 4.
 You entered the dungeon 2098 turns ago.
 You had 150 experience points, 10 more were needed to attain level 5.

Basics:
 You had 0 out of 31 hit points.
 You had all 8 energy points (spell power).
 Your armor class was 5.
 Your wallet contained 2815 zorkmids.
 Autopickup was on for '$?!/="+%' plus thrown, with exceptions.

Final Characteristics:
 Your strength was 16 (limit:18/100).
 Your dexterity was 12 (limit:18).
 Your constitution was 15 (limit:18).
 Your intelligence was 13 (limit:18).
 Your wisdom was 13 (limit:18).
 Your charisma was 7 (limit:18).

Final Status:
 You weren't hungry.
 You were unencumbered.
 You were wielding a bow.
 You had basic skill with bow.

Final Attributes:
 You were devoutly aligned.
 You had automatic searching.
 You were displaced.
 You could jump.
 You were warded.
 You are dead.

Miscellaneous:
 You encountered 1 bones level.
 Total elapsed playing time was 20 minutes and 55 seconds.

Major events:
 Turn
    1: ArrBianca the chaotic female human Ranger entered the dungeon
  937: attained the rank of Lookout (level 3)
 2098: killed by a water moccasin

You didn't know any spells.

Skills:
 Fighting Skills
   bare handed combat [Unskilled]
   riding             [Unskilled]
 Weapon Skills
   dagger             [Basic]
   knife              [Unskilled]
   axe                [Unskilled]
   pick-axe           [Unskilled]
   short sword        [Unskilled]
   morning star       [Unskilled]
   flail              [Unskilled]
   hammer             [Unskilled]
   quarterstaff       [Unskilled]
   polearms           [Unskilled]
   spear              [Unskilled]
   trident            [Unskilled]
   bow                [Basic]
   sling              [Unskilled]
   crossbow           [Unskilled]
   dart               [Unskilled]
   shuriken           [Unskilled]
   boomerang          [Unskilled]
   whip               [Unskilled]
 Spellcasting Skills
   healing spells     [Unskilled]
   divination spells  [Unskilled]
   escape spells      [Unskilled]

Voluntary challenges:
 Character rerolling was not enabled.
 You never genocided any monsters.
 You never polymorphed an object.
 You never changed form.
 You used no wishes.
Achievements:
 You entered a shop.
 You attained the rank of Lookout.

 The Dungeons of Doom: levels 1 to 4
    Level 1:
       A fountain.
    Level 2:
       A food shop.
    Level 3:
       A fountain, a grave.
    Level 4: <- You were here.
       An altar, a fountain.
       Final resting place for
          you, killed by a water moccasin,
          BeardyHaddock-Arc-Gno-Mal-Neu, killed by a little dog.


Vanquished creatures:
  a ghost
  a rock piercer
  2 giant ants
  a little dog
  a floating eye
  a kitten
  a kobold leader
 an acid blob
  a gas spore
  a hobgoblin
  a giant rat
  a gnome
  a gnome zombie
  2 geckos
  5 jackals
  a fox
  4 goblins
  4 grid bugs
  4 lichens
  8 newts
42 creatures vanquished.

No species were genocided or became extinct.

Game over:
                       ----------
                      /          \
                     /    REST    \
                    /      IN      \
                   /     PEACE      \
                  /                  \
                  |    ArrBianca     |
                  |     2815 Au      |
                  |   killed by a    |
                  |  water moccasin  |
                  |                  |
                  |                  |
                  |       2026       |
                 *|     *  *  *      | *
        _________)/\\_//(\/(/\)/\//\/|_)_______

Goodbye ArrBianca the Ranger...

You died in The Dungeons of Doom on dungeon level 4 with 3294 points,
and 2815 pieces of gold, after 2098 moves.
You were level 4 with a maximum of 31 hit points when you died.

